 Dungeon Crawl Stone Soup version 0.25.1-8-g42b30a86e7 (webtiles) character file.

Game seed: 17038138989071388778

100664 hehateme the Basher (level 16, -2/103 HPs)
             Began as a Kobold Fighter on Dec 13, 2020.
             Was the Champion of Ru.
             Slain by an anaconda (5 damage)
             ... on level 4 of the Snake Pit.
             The game lasted 02:21:52 (59952 turns).

hehateme the Basher (Kobold Fighter)               Turns: 59952, Time: 02:21:53

Health: -2/103     AC: 20    Str: 16    XL:     16   Next: 80%
Magic:  16/16      EV:  3    Int:  9    God:    Ru [******]
Gold:   1743       SH: 18    Dex: 21    Spells: 15/15 levels left

rFire    + . .     SeeInvis .   E - +2 eveningstar
rCold    + . .     Gourm    .   c - +0 kite shield
rNeg     + . .     Faith    .   s - +0 plate armour {rPois} {rPois}
rPois    +         Spirit   .   l - +1 helmet
rElec    +         Reflect  +   d - +0 cloak
rCorr    .         Harm     .   g - +0 pair of gloves
MR       +++..                  (no boots)
Stlth    ..........             Y - amulet of reflection
HPRegen  0.27/turn              F - ring of the Death Scarab {rElec rPois rF+ rC+ Str-4 Slay+3}
MPRegen  0.15/turn              C - ring "Ixomiv" {+Inv rN+ MR++ Dex+6}

@: lethally poisoned (-2 -> -5), exhausted, overwhelmed with horror,
constricted, lightly drained
A: small, carnivore, no stealth, hated by all, cowardly, inability to train
dodging, no earth magic, no hexes magic, no translocations magic, unskilled 1
a: Draw Out Power, Power Leap, Apocalypse, Renounce Religion, Evoke Invisibility


You were on level 4 of the Snake Pit.
You worshipped Ru.
Ru was exalted by your worship.
You were not hungry.

You visited 5 branches of the dungeon, and saw 25 of its levels.
You also visited: Ice Cave.

You collected 2418 gold pieces.
You spent 675 gold pieces at shops.

Inventory:

Hand Weapons
 a - a +0 rapier
 b - the +1 flail "Punym" {elec, rElec Str+3 Dex-2, unknown}
   (You found it on level 1 of the Snake Pit)

   Occasionally, upon striking a foe, it will discharge some electrical energy
   and cause terrible harm.
   It affects your strength (+3).
   It affects your dexterity (-2).
   It insulates you from electricity.
 x - a +3 short sword
 y - the +2 hand axe "Mud Pie of Death" {speed, *Slow rF+++ MR+ Str+4}
   (You took it off an orc wizard on level 3 of the Dungeon)

   Attacks with this weapon are significantly faster.
   It affects your strength (+4).
   It renders you almost immune to fire.
   It affects your resistance to hostile enchantments.
   It may slow you when you take damage.
 E - a +2 eveningstar (weapon)
Missiles
 q - 17 boomerangs
 u - 2 curare-tipped darts
 w - 473 stones (quivered)
 I - 3 throwing nets {=f}
 T - 11 poisoned darts
Armour
 c - a +0 kite shield (worn)
 d - a +0 cloak (worn)
 g - a +0 pair of gloves (worn)
 l - a +1 helmet (worn)
 s - a +0 plate armour of poison resistance (worn) {rPois}
Jewellery
 r - an uncursed ring of flight
 v - an uncursed ring of magical power {MP+9}
 C - the ring "Ixomiv" (right hand) {+Inv rN+ MR++ Dex+6}
   (You found it on level 5 of the Dungeon)

   [ring of positive energy]

   It affects your dexterity (+6).
   It protects you from negative energy.
   It affects your resistance to hostile enchantments.
   It lets you turn invisible.
 F - the ring of the Death Scarab (left hand) {rElec rPois rF+ rC+ Str-4 Slay+3}
   (You acquired it on level 4 of the Lair of Beasts)

   [ring of protection from cold]

   It affects your strength (-4).
   It affects your accuracy and damage with ranged weapons and melee attacks
   (+3).
   It protects you from fire.
   It protects you from cold.
   It insulates you from electricity.
   It protects you from poison.
 M - an uncursed ring of protection from magic
 N - an uncursed ring of positive energy {rN+}
 P - an uncursed ring of poison resistance
 Q - an uncursed amulet of the acrobat {unknown}
 S - an uncursed ring of positive energy {rN+}
 W - an uncursed ring of wizardry {Wiz+}
 Y - an amulet of reflection (around neck)
 Z - an uncursed amulet of reflection
Wands
 f - a wand of flame (39)
 m - a wand of acid (10)
Scrolls
 i - 5 scrolls of identify
 k - 3 scrolls of fog
 n - 6 scrolls of immolation {!r}
 o - 9 scrolls of remove curse
 A - a scroll of enchant weapon
 D - a scroll of noise {!r}
 H - 2 scrolls of magic mapping {!r}
 K - a scroll of fear
 O - 3 scrolls of amnesia
 U - a scroll of enchant armour
 X - 3 scrolls of random uselessness
Potions
 z - a potion of stabbing
 B - 17 potions of degeneration {!q}
 G - a potion of brilliance
 L - 4 potions of flight
Miscellaneous
 h - a phantom mirror
 J - a phial of floods
 R - 2 boxes of beasts
Comestibles
 e - 32 rations


   Skills:
 + Level 12.4(12.1) Fighting
 - Level 6.3(6.0) Short Blades
 * Level 12.6(12.2) Maces & Flails
 - Level 11.6(11.3) Armour
 - Level 11.7(11.4) Shields


You had 15 spell levels left.
You didn't know any spells.
Your spell library contained the following spells:

 Spells                   Type           Power        Failure   Level  Hunger
 Beastly Appendage        Tmut           #.....       100%        1    ##.....
 Shock                    Conj/Air       #...         100%        1    ##.....
 Swiftness                Chrm/Air       #.......     100%        2    ###....
 Spider Form              Tmut/Pois      #.........   100%        3    ####...
 Static Discharge         Conj/Air       #.......     100%        3    ####...
 Airstrike                Air            #.........   100%        4    #####..
 Ice Form                 Ice/Tmut       #.......     100%        4    #####..
 Blade Hands              Tmut           #.........   100%        5    ######.
 Lightning Bolt           Conj/Air       #.........   100%        5    ######.
 Animate Skeleton         Necr           Unusable     N/A         1    N/A
 Apportation              Tloc           Unusable     N/A         1    N/A
 Corona                   Hex            Unusable     N/A         1    N/A
 Summon Small Mammal      Summ           Unusable     N/A         1    N/A
 Sticks to Snakes         Tmut           Unusable     N/A         2    N/A
 Cause Fear               Hex            Unusable     N/A         4    N/A
 Silence                  Hex/Air        Unusable     N/A         5    N/A
 Yara's Violent Unravell  Hex/Tmut       Unusable     N/A         5    N/A
 Discord                  Hex            Unusable     N/A         8    N/A

Dungeon Overview and Level Annotations

Branches:
Dungeon (12/15)            Temple (1/1) D:6            Lair (6/6) D:8
  Swamp (0/4) Lair:3        Snake (4/4) Lair:2        Slime (0/5) Lair:5
    Orc (2/2) D:12            Elf (0/3) Orc:2         IceCv (visited)

Altars:
Ashenzari
Cheibriados
Dithmenos
Elyvilon
Fedhas
Gozag
Hepliaklqana
Kikubaaqudgha
Makhleb
Nemelex Xobeh
Okawaru
Qazlal
Ru
Sif Muna
Trog
Uskayaw
Vehumet
Wu Jian
Xom
Yredelemnul
Zin
The Shining One
Jiyva

Shops:
D:6 ?   D:8 !*   D:9 *   Orc:1 }   Orc:2 [?}=

Annotations:
D:3 exclusion: downstairs
D:8 1 runed translucent door, hehateme's ghost, novice HaFi
D:11 3 runed translucent doors
Lair:1 3 runed translucent doors, ew1980's ghost, journeyman TrBe
Lair:5 1 runed translucent door
Lair:6 exclusion: oklob plant
Snake:1 2 transporters


Innate Abilities, Weirdness & Mutations

You are small and have problems with some larger weapons.
You are carnivorous and can eat meat at any time.
You cannot be stealthy.
You are hated by all.
Your cowardice makes you less effective in combat with threatening monsters.
You cannot train Dodging skill.
You cannot study or cast Earth magic.
You cannot study or cast Hexes magic.
You cannot study or cast Translocations magic.
You are somewhat unskilled. (-1 Apt)


Message History

The anaconda constricts you.
The naga sharpshooter unwields a +2 vampiric battleaxe.
The naga sharpshooter wields a +0 arbalest.
The naga sharpshooter shoots a bolt.
The bolt barely misses you.
You take 2 damage, and have 9/103 hp.
Okay, then.
You hit the anaconda.
The nagaraja begins to cast a spell, but is stunned by your will!
The anaconda is stunned by your will and fails to attack.
You block the anaconda's attack.
* * * LOW HITPOINT WARNING * * *
The anaconda constricts you. You block the anaconda's attack.
You block the naga's attack. The anaconda bites you.
* * * LOW HITPOINT WARNING * * *
You take 5 damage, and have 4/103 hp.
Okay, then.
You barely miss the anaconda.
* * * LOW HITPOINT WARNING * * *
You feel sick. The anaconda bites you.
You die...

...#[#...#
...#.#...# ≈..#
...#.#.### ≈..#
...#.#.# ≈≈..#
...#.#.# ≈≈.
...#<#.# ....#
...#.#.#
####S#'###
...###.#
#.##.SSS.....
...# #.#
#...@SNN....
######.#
.....#..SN.....
#...# ...
....N......
#.#.# N
#.###.......#
####.### #
##.≈≈≈.##
..)).# #≈≈≈##
###### ####

Skill      XL: |  1  2  3  4  5  6  7  8  9 10 11 12 13 14 15 16 |
---------------+-------------------------------------------------+-----
Short Blades   | 3 7 6 |  6.3
Armour         | 3 4 6 7 8 9 10 11 | 11.6
Fighting       | 4 5 6 7 8 10 11 11 12 | 12.4
Shields        | 3 6 7 9 10 11 | 11.7
Maces & Flails | 2 9 12 | 12.6

Notes
Turn   | Place    | Note
-------+----------+-------------------------------------------
     0 | D:1      | hehateme the Kobold Fighter began the quest for the Orb.
     0 | D:1      | Reached XP level 1. HP: 14/14 MP: 1/1
   154 | D:1      | Reached skill level 3 in Short Blades
   173 | D:1      | Reached XP level 2. HP: 16/19 MP: 2/2
   779 | D:1      | Reached XP level 3. HP: 23/23 MP: 3/3
  1616 | D:2      | Noticed a scorpion
  1693 | D:2      | Reached skill level 3 in Armour
  1693 | D:2      | Reached XP level 4. HP: 29/29 MP: 4/4
  1908 | D:2      | Reached skill level 4 in Fighting
  1908 | D:2      | Reached XP level 5. HP: 27/33 MP: 5/5
  2286 | D:3      | Reached skill level 4 in Armour
  2367 | D:2      | Reached XP level 6. HP: 17/39 MP: 6/6
  3337 | D:3      | Found a bloodstained altar of Trog.
  3565 | D:3      | Found a radiant altar of Vehumet.
  3613 | D:3      | Reached skill level 5 in Fighting
  3854 | D:4      | Noticed Blork the orc
  4112 | D:3      | Reached XP level 7. HP: 44/44 MP: 7/7
  4216 | D:4      | Reached skill level 5 in Armour
  4455 | D:4      | Found a hazy altar of Hepliaklqana.
  4636 | D:4      | Identified the +2 hand axe "Mud Pie of Death" {speed, *Slow
                  | rF+++ MR+ Str+4}
  4746 | D:4      | Killed Blork the orc
  4873 | D:4      | Found a shimmering altar of Xom.
  5176 | D:5      | Entered Level 5 of the Dungeon
  5197 | D:5      | Reached skill level 6 in Fighting
  5197 | D:5      | Reached skill level 6 in Armour
  5197 | D:5      | Reached XP level 8. HP: 26/51 MP: 8/8
  5454 | D:5      | Found a burning altar of Makhleb.
  6576 | D:5      | Found a glowing golden altar of the Shining One.
  6579 | D:5      | Got a shimmering bronze ring
  6970 | D:6      | Reached skill level 7 in Armour
  7214 | D:6      | Found a staircase to the Ecumenical Temple.
  7225 | Temple   | Entered the Ecumenical Temple
  7782 | Temple   | Became a worshipper of Ru the Awakened
  7831 | D:6      | Found a sparkling altar of Nemelex Xobeh.
  8144 | D:6      | Found Pogajozo's Magic Scroll Boutique.
  8305 | D:6      | Reached skill level 7 in Fighting
  8305 | D:6      | Reached skill level 3 in Shields
  8434 | D:6      | Reached XP level 9. HP: 57/57 MP: 9/9
  8585 | D:6      | Reached skill level 4 in Shields
  9031 | D:6      | Reached skill level 8 in Fighting
  9031 | D:6      | Reached skill level 5 in Shields
  9631 | D:7      | Found an opulent altar of Gozag.
 10177 | D:6      | HP: 14/60 [ice beast (13)]
 10564 | D:7      | Gained mutation: Your cowardice makes you less effective in
                  | combat with threatening monsters. [Ru sacrifice]
 10564 | D:7      | Reached * piety under Ru
 10584 | D:7      | Reached skill level 6 in Shields
 10898 | D:7      | Reached XP level 10. HP: 52/65 MP: 10/10
 11108 | D:7      | HP: 5/65 [orc warrior/+0 scimitar (20)]
 11634 | D:8      | Found Uwkonty's Assorted Antiques.
 11634 | D:8      | Found Qeol's Distillery.
 11659 | D:8      | Bought a potion of haste for 150 gold pieces
 11687 | D:7      | Reached skill level 9 in Fighting
 12471 | D:8      | Found a staircase to the Lair.
 12610 | D:8      | Reached skill level 7 in Shields
 13245 | D:8      | Found an iron altar of Okawaru.
 13272 | D:8      | Reached skill level 4 in Short Blades
 14162 | D:8      | Reached skill level 5 in Short Blades
 14454 | D:8      | Found a runed translucent door.
 14458 | D:8      | Noticed hehateme's ghost (novice HaFi)
 14963 | D:8      | Reached skill level 10 in Fighting
 15218 | D:9      | Noticed Harold
 15242 | D:9      | HP: 8/68 [Harold/+0 long sword (14)]
 15244 | D:9      | Killed Harold
 15244 | D:9      | Reached skill level 6 in Short Blades
 15722 | D:9      | Reached skill level 7 in Short Blades
 15935 | D:9      | Reached XP level 11. HP: 61/73 MP: 11/11
 16201 | D:9      | Found Socik's General Store.
 16419 | D:9      | Noticed Pikel
 16428 | D:9      | Killed Pikel
 16742 | D:9      | Found a basalt altar of Yredelemnul.
 16871 | D:10     | Entered Level 10 of the Dungeon
 16873 | D:10     | Gained mutation: You are hated by all. [Ru sacrifice]
 16873 | D:10     | Reached ** piety under Ru
 17830 | D:10     | Noticed a two-headed ogre
 17845 | D:10     | Killed a two-headed ogre
 17845 | D:10     | Reached skill level 11 in Fighting
 17845 | D:10     | Reached skill level 8 in Armour
 17845 | D:10     | Reached skill level 8 in Shields
 18134 | D:10     | Noticed a two-headed ogre
 18146 | D:10     | HP: 17/74 [two-headed ogre/+0 giant club (14)]
 18146 | D:10     | HP: 7/74 [two-headed ogre/+0 giant club (10)]
 18943 | D:10     | Killed a two-headed ogre
 19142 | D:11     | Found a frozen archway.
 19497 | IceCv    | Entered an ice cave
 19877 | D:11     | Noticed a two-headed ogre
 19955 | D:11     | Noticed a two-headed ogre
 19964 | D:11     | Killed a two-headed ogre
 20355 | D:11     | Killed a two-headed ogre
 20355 | D:11     | Reached skill level 9 in Shields
 20686 | D:11     | Noticed Erolcha
 20708 | D:11     | Killed Erolcha
 20708 | D:11     | Reached XP level 12. HP: 80/80 MP: 12/12
 20737 | D:11     | Reached skill level 9 in Armour
 21120 | D:11     | Found a runed translucent gate.
 21120 | D:11     | Found a runed translucent gate.
 21129 | D:11     | Found a runed translucent gate.
 21156 | D:11     | Noticed a two-headed ogre
 21170 | D:11     | Killed a two-headed ogre
 21298 | D:11     | Gained mutation: You cannot be stealthy. [Ru sacrifice]
 21298 | D:11     | Reached *** piety under Ru
 22779 | D:12     | Found a staircase to the Orcish Mines.
 22886 | Lair:1   | Entered Level 1 of the Lair of Beasts
 22888 | Lair:1   | Found a runed translucent gate.
 22891 | Lair:1   | Found a runed translucent gate.
 22891 | Lair:1   | Found a runed translucent gate.
 22892 | Lair:1   | Noticed a minotaur
 22893 | Lair:1   | Noticed ew1980's ghost (journeyman TrBe)
 26080 | Lair:2   | Identified the ring "Ixomiv" {+Inv rN+ MR++ Dex+6} (You
                  | found it on level 5 of the Dungeon)
 26260 | Lair:2   | Reached skill level 12 in Fighting
 26668 | Lair:2   | Gained mutation: You are somewhat unskilled. (-1 Apt) [Ru
                  | sacrifice]
 26668 | Lair:2   | Reduced skill Fighting to level 11
 26668 | Lair:2   | Reduced skill Short Blades to level 6
 26668 | Lair:2   | Reduced skill Armour to level 8
 26668 | Lair:2   | Reached **** piety under Ru
 26668 | Lair:2   | Reached ***** piety under Ru
 26675 | Lair:2   | Noticed a five-headed hydra
 26750 | Lair:1   | Reached skill level 9 in Armour
 27712 | Lair:2   | Found a staircase to the Snake Pit.
 27768 | Lair:3   | You fall into a shaft and drop 1 floor!
 29417 | Lair:3   | Reached skill level 1 in Maces & Flails
 29784 | Lair:3   | Found a staircase to the Swamp.
 29796 | Lair:3   | Reached skill level 2 in Maces & Flails
 30385 | Lair:3   | Reached XP level 13. HP: 77/84 MP: 13/13
 30519 | Lair:3   | Reached skill level 3 in Maces & Flails
 30965 | Lair:4   | Gained mutation: You cannot study or cast Earth magic. [Ru
                  | sacrifice]
 30965 | Lair:4   | Gained mutation: You cannot study or cast Hexes magic. [Ru
                  | sacrifice]
 30965 | Lair:4   | Gained mutation: You cannot study or cast Translocations
                  | magic. [Ru sacrifice]
 31285 | Lair:4   | Identified a scroll of acquirement
 31285 | Lair:4   | Acquired the ring of the Death Scarab {rElec rPois rF+ rC+
                  | Str-4 Slay+3}
 31494 | Lair:4   | Reached skill level 4 in Maces & Flails
 32120 | Lair:4   | Reached skill level 5 in Maces & Flails
 32744 | Lair:4   | Reached skill level 6 in Maces & Flails
 32774 | Lair:4   | HP: 12/84 [elephant (11)]
 33237 | Lair:5   | Reached skill level 7 in Maces & Flails
 34115 | Lair:5   | Found a radiant altar of Vehumet.
 34638 | Lair:5   | Found a runed translucent door.
 34638 | Lair:5   | Found a viscous altar of Jiyva.
 34638 | Lair:5   | Noticed an acid blob
 34639 | Lair:5   | Found a staircase to the Slime Pits.
 34639 | Lair:5   | Noticed an acid blob
 34962 | Lair:5   | Reached skill level 8 in Maces & Flails
 35510 | Lair:6   | Entered Level 6 of the Lair of Beasts
 35660 | Lair:6   | Noticed Kirke
 35690 | Lair:6   | HP: 8/84 [manticore[Kirke] (15)]
 35691 | Lair:6   | Killed Kirke
 35691 | Lair:6   | Reached skill level 9 in Maces & Flails
 36356 | Lair:5   | Reached XP level 14. HP: 67/90 MP: 14/14
 36489 | Lair:6   | HP: 22/90 [elephant (13)]
 36491 | Lair:5   | HP: 7/90 [elephant (5)]
 36491 | Lair:5   | HP: 1/90 [elephant (6)]
 37589 | Lair:5   | Reached skill level 10 in Maces & Flails
 37846 | Lair:6   | Gained mutation: You cannot train Dodging skill. [Ru
                  | sacrifice]
 37846 | Lair:6   | Reached ****** piety under Ru
 38723 | Lair:5   | Reached skill level 11 in Maces & Flails
 40780 | Lair:6   | Reached skill level 12 in Maces & Flails
 41445 | Lair:6   | Found a burning altar of Makhleb.
 43300 | Lair:3   | Reached XP level 15. HP: 93/95 MP: 15/15
 43514 | Orc:1    | Entered Level 1 of the Orcish Mines
 43990 | Orc:1    | Found Deopadej's Gadget Emporium.
 44011 | Orc:1    | Noticed an orc warlord
 44038 | D:12     | Reached skill level 12 in Fighting
 44055 | D:12     | Killed an orc warlord
 44633 | Orc:2    | Entered Level 2 of the Orcish Mines
 45390 | Orc:2    | Found a staircase to the Elven Halls.
 47061 | Orc:2    | Found Korue's Gadget Shop.
 47061 | Orc:2    | Found Vamujir's Jewellery Shoppe.
 47067 | Orc:2    | Found Migurr's Magic Scroll Shoppe.
 47067 | Orc:2    | Found Kaxzuerano's Antique Armour Shop.
 47074 | Orc:2    | Bought an uncursed ring of protection from fire for 350
                  | gold pieces
 47076 | Orc:2    | Bought a scroll of teleportation for 42 gold pieces
 47076 | Orc:2    | Bought a scroll of fog for 28 gold pieces
 47076 | Orc:2    | Bought a scroll of enchant weapon for 105 gold pieces
 47289 | Snake:1  | Entered Level 1 of the Snake Pit
 47518 | Snake:1  | Found a transporter.
 48005 | Snake:1  | Reached skill level 10 in Shields
 48812 | Snake:1  | Reached skill level 10 in Armour
 49168 | Snake:1  | Found a transporter.
 49297 | Snake:1  | Noticed Josephine
 49580 | Snake:1  | Killed Josephine
 49585 | Snake:1  | HP: 21/97 [wraith[Josephine] (6)]
 49764 | Snake:1  | Got a twisted flail
 51372 | Snake:2  | Got a masterwork leather armour
 52325 | Snake:2  | Reached XP level 16. HP: 75/103 MP: 16/16
 54159 | Snake:3  | Reached skill level 11 in Shields
 54758 | Snake:3  | Reached skill level 11 in Armour
 55418 | Snake:3  | Noticed a nagaraja
 55814 | Snake:3  | Killed a nagaraja
 56373 | Snake:4  | Entered Level 4 of the Snake Pit
 56560 | Snake:4  | Noticed Aizul
 56586 | Snake:4  | HP: 23/103 [Aizul/bolt of poison (5)]
 56595 | Snake:4  | HP: 12/103 [Aizul/bolt of poison (12)]
 56599 | Snake:4  | Killed Aizul
 59944 | Snake:4  | Noticed a nagaraja
 59947 | Snake:4  | HP: 24/103 [sea snake (11)]
 59949 | Snake:4  | HP: 11/103 [anaconda (1)]
 59951 | Snake:4  | HP: 4/103 [anaconda (3)]
 59952 | Snake:4  | Slain by an anaconda

Table legend:
 A = Turns spent in this place as a percentage of turns spent in the entire game.
 B = Non-inter-level travel turns spent in this place as a percentage of non-inter-level travel turns spent in the entire game.
 C = Inter-level travel turns spent in this place as a percentage of turns spent in this place.
 D = Turns resting spent in this place as a percentage of non-inter-level travel turns spent in this place.
 E = Turns spent auto-exploring this place as a percentage of non-inter-level travel turns spent in this place.
 F = Non-inter-level travel turns spent in this place divided by the number of levels of this place that you've seen.
                   A       B       C       D       E      F
               +-------+-------+-------+-------+-------+----------------------
         Total | 100.0 | 100.0 |   4.9 |  41.4 |  35.9 | 2192.2
       Dungeon |  42.5 |  41.9 |   6.2 |  39.7 |  36.4 | 1990.4
        Temple |   0.9 |   0.7 |  20.2 |   0.0 |  99.3 | 407.0
          Lair |  30.4 |  30.6 |   4.2 |  45.9 |  31.6 | 2907.5
     Snake Pit |  21.1 |  21.4 |   3.5 |  40.0 |  39.5 | 3055.0
  Orcish Mines |   5.2 |   5.3 |   2.7 |  39.9 |  34.1 | 1510.0
      Ice Cave |   0.0 |   0.0 |   0.0 |   0.0 |   0.0 |  19.0
               +-------+-------+-------+-------+-------+----------------------

Table legend:
 A = Kills in this place as a percentage of kills in entire the game.
 B = Kills by you in this place as a percentage of kills by you in the entire game.
 C = Kills by friends in this place as a percentage of kills by friends in the entire game.
 D = Other kills in this place as a percentage of other kills in the entire game.
 E = Experience gained in this place as a percentage of experience gained in the entire game.
 F = Experience gained in this place divided by the number of levels of this place that you have seen.
                   A       B       C       D       E      F
               +-------+-------+-------+-------+-------+----------------------
         Total | 100.0 | 100.0 | 100.0 | 100.0 | 100.0 | 5531.0
       Dungeon |  48.8 |  49.7 | 100.0 |  17.4 |  18.2 | 2185.6
          Lair |  24.3 |  23.8 |   0.0 |  39.1 |  35.6 | 8543.0
     Snake Pit |  16.1 |  15.6 |   0.0 |  34.8 |  38.3 | 13762.5
  Orcish Mines |  10.8 |  10.9 |   0.0 |   8.7 |   7.8 | 5636.0
               +-------+-------+-------+-------+-------+----------------------

Action                   |  1- 3 |  4- 6 |  7- 9 | 10-12 | 13-15 | 16-18 || total
-------------------------+-------+-------+-------+-------+-------+-------++-------
Melee: Rapier            |   127 |   208 |   787 |  1235 |       |       ||  2357
       Short sword       |       |       |       |   439 |       |       ||   439
       Eveningstar       |       |       |       |    78 |  1559 |   485 ||  2122
Throw: Stone             |    51 |    77 |   160 |   247 |   194 |   102 ||   831
       Dart              |       |       |       |    21 |   192 |       ||   213
       Boomerang         |       |       |       |     5 |   168 |       ||   173
       Throwing net      |       |       |       |     5 |       |       ||     5
Invok: Sacrifice Courage |       |       |     1 |       |       |       ||     1
       Sacrifice Love    |       |       |       |     1 |       |       ||     1
       Sacrifice Stealth |       |       |       |     1 |       |       ||     1
       Sacrifice Skill   |       |       |       |     1 |       |       ||     1
       Draw Out Power    |       |       |       |       |     2 |     3 ||     5
       Apocalypse        |       |       |       |       |     1 |     2 ||     3
       Sacrifice Arcana  |       |       |       |       |     1 |       ||     1
       Sacrifice Nimblen |       |       |       |       |     1 |       ||     1
Evoke: Wand              |       |       |     1 |    31 |     4 |       ||    36
       Box of beasts     |       |       |       |     1 |       |       ||     1
  Use: Potion            |       |     3 |     1 |     8 |     5 |     4 ||    21
       Scroll            |       |       |     5 |    14 |    17 |    10 ||    46
 Stab: Paralysed         |       |       |       |     6 |    11 |    10 ||    27
       Distracted        |       |       |       |     3 |     9 |     1 ||    13
       Invisible         |       |       |       |     2 |    16 |    14 ||    32
       Petrifying        |       |       |       |     1 |       |       ||     1
  Eat: Chunk             |    11 |     7 |    24 |    65 |    60 |     8 ||   175
       Ration            |       |       |       |     4 |     3 |     8 ||    15
Armor: Scale mail        |    42 |       |       |       |       |       ||    42
       Plate armour      |    32 |   139 |   467 |   804 |   637 |   162 ||  2241
Dodge: Dodged            |    38 |    38 |   141 |   313 |   224 |    51 ||   805
Block: Kite shield       |    57 |   109 |   416 |  1090 |  1347 |   402 ||  3421
       Reflection        |       |       |       |       |    77 |    58 ||   135

Vanquished Creatures
  Kirke (Lair:6)
  A nagaraja (Snake:3)
  An orc warlord (D:12)
  Aizul (Snake:4)
  Josephine (Snake:1)
  Erolcha (D:11)
  Harold (D:9)
  5 naga warriors
  3 hydras (Lair:6)
  6 anacondas
  5 two-headed ogres
  8 death yaks
  4 orc high priests
  3 naga sharpshooters
  A shock serpent (Snake:1)
  A sixfirhy (Lair:6)
  2 salamander mystics
  2 sea snakes (Snake:4)
  An unseen horror (D:12)
  3 naga ritualists
  A wizard (Lair:6)
  4 orc sorcerers
  4 orc knights
  7 mana vipers
  11 salamanders
  An ugly thing (D:12)
  A cyclops (Orc:2)
  A centaur zombie (D:12)
  A guardian serpent (Snake:1)
  12 elephants
  22 black mambas
  11 naga magi
  A smoke demon (Lair:6)
  2 torpor snails
  6 spiny frogs
  3 centaur skeletons
  3 rime drakes
  6 komodo dragons
  An ice devil (Lair:6)
  2 trolls
  A meliai (Lair:1)
  5 polar bears
  24 blink frogs
  A bog body (Lair:3)
  13 dream sheep
  7 hippogriffs
  4 wraiths (Snake:1)
  26 yaks
  2 basilisks
  2 wyverns
  A hungry ghost (D:9)
  2 humans (D:8)
  4 hogs (Lair:6)
  3 wargs
  35 nagas
  3 hell hounds (Lair:6)
  14 water moccasins
  11 porcupines
  2 sky beasts
  13 ice beasts
  4 black bears
  24 orc warriors
  4 slaves (D:9)
  2 phantoms (D:8)
  7 centaurs
  4 wolves
  11 ogres
  5 crocodiles
  3 big kobolds
  Blork the orc (D:4)
  12 bullfrogs
  A wyvern zombie (D:12)
  A water moccasin zombie (D:12)
  A wyvern skeleton (D:11)
  10 scorpions
  2 killer bees (D:9)
  3 howler monkeys
  4 electric eels
  7 crimson imps
  3 jellies
  24 orc wizards
  2 quasits
  4 bullfrog zombies
  6 hounds
  16 orc priests
  2 bullfrog skeletons (D:6)
  3 iguanas
  10 worker ants
  A hound zombie (D:6)
  4 hound skeletons
  A howler monkey zombie (D:6)
  6 gnolls
  16 adders
  A river rat (D:11)
  4 shadow imps
  3 worms (D:2)
  3 dart slugs
  4 leopard geckos
  90 orcs
  3 giant cockroaches
  2 gnoll zombies (D:9)
  8 hobgoblins
  10 jackals
  24 kobolds
  6 quokkas
  14 bats
  9 frilled lizards
  11 goblins
  A leopard gecko skeleton (D:4)
  9 rats
  A bush (Lair:6)
  3 fungi (Lair:6)
  A plant (Lair:6)
735 creatures vanquished.

Vanquished Creatures (collateral kills)
  Pikel (D:9)
1 creature vanquished.

Vanquished Creatures (others)
  A naga warrior (Snake:3)
  2 anacondas (Snake:4)
  A naga sharpshooter (Snake:3)
  An elephant (Lair:4)
  2 black mambas (Snake:3)
  A spiny frog (Lair:4)
  A troll (Orc:1)
  A blink frog (Lair:5)
  A hippogriff (Lair:4)
  2 yaks
  A hog (Lair:6)
  2 nagas
  A water moccasin (Lair:5)
  An orc warrior (Orc:2)
  An ogre (D:7)
  A centaur (Lair:5)
  A scorpion (D:7)
  An orc wizard (Orc:2)
  2 orcs
  2 bushes
  24 fungi
  23 plants
73 creatures vanquished.

Grand Total: 809 creatures vanquished You could see a naga warrior, a nagaraja (fast), a naga sharpshooter, a sea snake, 4 anacondas, a shock serpent and 2 nagas.

Levels and vault maps discovered:
D:1:      matt_arrival_diagonals, layout_loops_corners, minmay_octomino_e4
D:2:      layout_basic
D:3:      layout_rooms, vehumet_crystals, overflow_temple_1_default
D:4:      layout_rooms, led_xom_imps, kennysheep_mini_moat, first_ration,
          uniq_blork_the_orc
D:5:      layout_loops_ring, nicolae_tso_swordbearing_angel,
          makhleb_heckhound_becter, grunt_decor_arrowhead
D:6:      layout_gridville, nicolae_overflow_hidden_temple,
          minmay_temple_entry_offerings, serial_shops,
          nicolae_shop_temple_entry_statues_fountains, minmay_misc_feat_x
D:7:      layout_rooms, nicolae_gozag_seed_capital, enter_bailey_7
D:8:      layout_loops_ring, okawaru_humans, dpeg_oklobed_lair,
          serial_co_window_serial, co_window_of_opportunity_a,
          co_window_of_opportunity_a, co_window_corner_a, co_window_corner_a,
          co_window_cross_1, co_window_corner_cb, co_window_broadway_a,
          co_window_2corner, co_window_corner_cb, co_window_4corner_a,
          glass_columns_b, glass_columns_a, glass_columns_a, glass_columns_a,
          glass_columns_a, serial_shops, nicolae_shop_overgrown_old_shop, shop,
          ebering_ghost_reflecting_pool
D:9:      layout_roguey, lemuel_zombie_altar_yredelemnul, special_room
          [special_room_bee], serial_shops, shop, lemuel_another_geyser,
          uniq_harold, uniq_pikel
D:10:     layout_small_grid, grunt_ogre_cave, kennysheep_generic_room_9
D:11:     layout_roguey, portal_ice_cave_entry_ice_beasts,
          ploomutoo_gammafunk_ghost_potion_laboratory, uniq_erolcha
D:12:     layout_loops_ring, david_orc_3
Temple:   minmay_temple_forest_path
Lair:1:   beast_lair_carwin_large_2, layout_loops_ring,
          maelrawn_ghost_gauntlet_escape
Lair:2:   layout_regular_city, guppyfry_snake_entry_island,
          chequers_serial_rivers_room_b
Lair:3:   layout_cellular_growth, skrybe_swamp_entry_bodies
Lair:4:   layout_gridlike, bh_chokoban, beast_lair_carwin_6
Lair:5:   layout_roguey, slime_altar_2, lemuel_centaur_altar
Lair:6:   evil_forest, layout_gridlike, uniq_kirke
Snake:1:  gammafunk_its_a_trap, layout_basic, uniq_josephine
Snake:2:  layout_cave_town
Snake:3:  layout_layer_cave
Snake:4:  grunt_snake_rune_pools, layout_basic, drop_trap, uniq_aizul,
          uniq_louise, uniq_roxanne
Orc:1:    layout_caves, serial_shops, nicolae_shop_stone
Orc:2:    grunt_orc_tribal_feast, layout_caves
